 Dungeon Crawl Stone Soup version 0.31-a0-931-g7b59d4eb97 (webtiles) character file.

Game seed: 2177048270487040894

146229 Gladio the Warrior (level 16, -4/151 HPs)
             Began as a Demigod Gladiator on Oct 19, 2023.
             Succumbed to a fenstrider witch's poison
             ... on level 4 of the Swamp.
             The game lasted 01:06:41 (24555 turns).

Gladio the Warrior (Demigod Gladiator)             Turns: 24555, Time: 01:06:42

Health: -4/151     AC: 20    Str:  9    XL:     16   Next: 35%
Magic:  19/19      EV: 26    Int: 12    God:
Gold:   1773       SH: 12    Dex: 47    Spells: 15/15 levels left

rFire   + + .        C - +3 scimitar (flame)
rCold   + . .        I - +2 buckler {rC+ rF+}
rNeg    + . .        Q - +5 ring mail "Pumiozink" {Harm rN+ Regen+ Str-4}
rPois   .            S - +2 helmet "Pagillod" {rF+ Str+2}
rElec   .            g - scarf of Ofic {shadows, Regen+ rCorr Str-4 Int+2}
rCorr   +            h - +0 pair of gloves
SInv    .            k - +2 pair of boots
Will    +....        m - amulet of regeneration
Stlth   ++           l - +6 ring of dexterity
HPRegen 2.85/turn    v - +6 ring of dexterity
MPRegen 0.16/turn

%: harm (+30% outgoing, +20% incoming)
@: lethally poisoned (-4 -> -35), about to teleport, grasped by roots,
constricted, very slow
A: high MP 1, forlorn, divine attributes
a: no special abilities


You were on level 4 of the Swamp.
You visited 4 branches of the dungeon, and saw 26 of its levels.

You collected 2353 gold pieces.
You spent 580 gold pieces at shops.

Inventory:

Hand Weapons
 C - a +3 scimitar of flaming (weapon)
Missiles
 e - 10 javelins (quivered)
 u - 11 curare-tipped darts
 G - 39 poisoned darts
 K - 6 atropa-tipped darts
 X - 19 boomerangs
 Z - 3 throwing nets
Armour
 g - the scarf of Ofic (worn) {shadows, Regen+ rCorr Str-4 Int+2}
   (You acquired it on level 3 of the Swamp)

   Str-4:     It affects your strength (-4).
   Int+2:     It affects your intelligence (+2).
   Regen+:    It increases your rate of health regeneration.
   rCorr:     It protects you from acid and corrosion.
 h - a +0 pair of gloves (worn)
 k - a +2 pair of boots (worn)
 I - a +2 buckler of resistance (worn)
 P - +0 acid dragon scales
 Q - the +5 ring mail "Pumiozink" (worn) {Harm rN+ Regen+ Str-4}
   (You found it on level 12 of the Dungeon)

   Str-4:     It affects your strength (-4).
   rN+:       It protects you from negative energy.
   Regen+:    It increases your rate of health regeneration.
   Harm:      It increases damage dealt and taken.
 S - the +2 helmet "Pagillod" (worn) {rF+ Str+2}
   (You found it on level 12 of the Dungeon)

   Str+2:     It affects your strength (+2).
   rF+:       It protects you from fire.
Jewellery
 l - a +6 ring of dexterity (left hand)
 m - an amulet of regeneration (around neck)
 n - a ring of willpower
 q - a +5 ring of evasion
 v - a +6 ring of dexterity (right hand)
 x - a +4 ring of protection
 L - the ring "Ingameg" {rElec Will++ AC+4 Str-4 Int+3}
   (You found it on level 3 of the Swamp)

   [ring of protection]

   AC+4:      It affects your AC (+4).
   Str-4:     It affects your strength (-4).
   Int+3:     It affects your intelligence (+3).
   rElec:     It insulates you from electricity.
   Will++:    It greatly increases your willpower.
 O - the amulet "Yfuevumm" {Reflect -Tele rElec Will+ rCorr SH+5}
   (You found it on level 12 of the Dungeon)

   [amulet of reflection]

   Reflect:   It reflects blocked missile attacks.
   rElec:     It insulates you from electricity.
   Will+:     It increases your willpower.
   -Tele:     It prevents most forms of teleportation.
   rCorr:     It protects you from acid and corrosion.
   SH+5:      It affects your SH (+5).
Wands
 p - a wand of digging (11)
 A - a wand of charming (26)
 E - a wand of mindburst (24)
 N - a wand of light (1)
 T - a wand of roots (17)
 U - a wand of flame (52)
 V - a wand of polymorph (11)
Scrolls
 b - 3 scrolls of immolation
 c - 6 scrolls of identify
 d - 5 scrolls of enchant armour
 i - 4 scrolls of poison
 j - a scroll of teleportation
 s - 4 scrolls of revelation
 t - 7 scrolls of fog
 y - 3 scrolls of fear
 B - 2 scrolls of blinking
 H - 3 scrolls of brand weapon
 R - a scroll of summoning
 Y - 2 scrolls of silence
Potions
 a - 3 potions of brilliance
 f - 3 potions of mutation
 o - 2 potions of haste
 r - 2 potions of might
 w - a potion of heal wounds
 z - 2 potions of resistance
 D - 4 potions of curing
 J - 2 potions of ambrosia
 M - 2 potions of attraction
 W - 3 potions of cancellation
Miscellaneous
 F - a box of beasts


   Skills:
 * Level 16.2 Fighting
 - Level 14.0 Long Blades
 + Level 9.6 Throwing
 + Level 9.7 Armour
 + Level 13.6 Dodging
 + Level 6.0 Shields


You had 15 spell levels left.
You didn't know any spells.
Your spell library contained the following spells:

 Spells                   Type           Power      Damage    Failure   Level
 Magic Dart               Conj           0%         1d3       71%         1
 Sting                    Tmut/Pois      0%         1d3       71%         1
 Blink                    Tloc           0%         N/A       85%         2
 Call Imp                 Summ           0%         N/A       85%         2
 Lesser Beckoning         Tloc           0%         N/A       85%         2
 Momentum Strike          Conj/Tloc      0%         3d8       85%         2
 Poisonous Vapours        Pois/Air       0%         N/A       85%         2
 Frozen Ramparts          Ice            0%         1d1       97%         3
 Ignite Poison            Fire/Tmut/Pois 0%         N/A       97%         3
 Mephitic Cloud           Conj/Pois/Air  0%         N/A       97%         3
 Cause Fear               Hex            0%         N/A       100%        4
 Manifold Assault         Tloc           0%         N/A       100%        4
 Olgreb's Toxic Radiance  Pois           0%         N/A       100%        4
 Passage of Golubria      Tloc           0%         N/A       100%        4
 Petrify                  Tmut/Erth      0%         N/A       100%        4
 Sticky Flame             Conj/Fire      0%         2d3       100%        4
 Vhi's Electric Charge    Tloc/Air       0%         N/A       100%        4
 Arcjolt                  Conj/Air       0%         1d10      100%        5
 Fireball                 Conj/Fire      0%         3d3       100%        5
 Freezing Cloud           Conj/Ice/Air   0%         6-21      100%        5
 Metabolic Englaciation   Hex/Ice        0%         N/A       100%        5
 Silence                  Hex/Air        0%         N/A       100%        5
 Plasma Beam              Fire/Air       0%         2x1d10    100%        6
 Ignition                 Fire           0%         3d3       100%        8
 Lehudib's Crystal Spear  Conj/Erth      0%         10d2      100%        8
 Dragon's Call            Summ           0%         N/A       100%        9


Dungeon Overview and Level Annotations

Branches:
Dungeon (15/15)            Temple (0/1) D:5            Lair (5/5) D:10
  Swamp (4/4) Lair:3       Spider (0/4) Lair:3        Slime (0/5) Lair:5
    Orc (2/2) D:10            Elf (0/3) Orc:2        Vaults (0/5) D:14
 Depths (0/4) D:15

Shops:
D:7 !   D:9 *   Orc:2 (*([

Annotations:
D:4 3 runed translucent doors, dertzug's ghost, amateur MiFi
D:7 3 runed translucent doors, glosham's ghost, novice DESh
D:14 4 transporters


Innate Abilities, Weirdness & Mutations

You have an increased reservoir of magic. (+10% MP)
You shall have no god before yourself.
Your divine heritage dramatically boosts your attributes as you level up.


Message History

Okay, then.
As you read the scroll of teleportation, it crumbles to dust.
You feel strangely unstable.
You block the fenstrider witch's attack.
The fenstrider witch kicks you. The grasping roots constrict you!!
* * * LOW HITPOINT WARNING * * *
The fenstrider witch closely misses you.
The fenstrider witch barely misses you. The fenstrider witch misses you.
The fenstrider witch kicks you.
* * * LOW HITPOINT WARNING * * *
You feel much better.
You block the fenstrider witch's attack. x2
The fenstrider witch hits you! The fenstrider witch misses you.
The grasping roots constrict you.
Throw: 11 javelins
Press: ? - help, Q - select action, (/) - cycle Shift-Dir - straight line, f - shambling mangrove
Aim: a shambling mangrove (91% to hit)
You throw a javelin.
The javelin pierces through the fenstrider witch!
The fenstrider witch is moderately wounded.
The javelin pierces through the shambling mangrove!
The shambling mangrove is lightly damaged.
You block the fenstrider witch's attack.
The fenstrider witch kicks you but does no damage.
The fenstrider witch casts a spell at you.
Your body is wracked with pain!
* * * LOW HITPOINT WARNING * * *
The grasping roots constrict you!
* * * LOW HITPOINT WARNING * * *
The fenstrider witch casts a spell at you.
The toxic sludge hits you!
You are poisoned.
* * * LOW HITPOINT WARNING * * *
Splash!
You fall into the toxic bog.
Moving in this stuff is going to be slow.
You feel better.
You fester in the toxic bog!
You are lethally poisoned!
* * * LOW HITPOINT WARNING * * *
You die...

~~~~♣#.~~♣#♣~§~#♣~.~§§#)...†..~..
~~.~.##♣~..~§♣##~~~..~†#~...~....
~♣~~..##.~~~.##.~~~.♣~.#..~...~~.
~~.~~##♣.~...♣##~~~~.~~#....~~.~~
~.♣####♣.~8~~♣####♣~.~~#.....~§.~
♣###~~#~~~♣.§~#..###♣~~#.....~.~~
##..~).#♣♣♣♣♣#..)..##♣♣#..~..~~..
######.# #~#########.~.~~.~~~
.~~Z2§~# #.~@Hf~(♣#~.~..~...~
~~~Z♣♣♣# #♣♣♣Ho~.♣#.....~~...
♣~°♣☼☼~~# ♣..♣##......~~~. ♣..
~~~♣# ~.♣#....§...... #♣~ ~~~♣
♣##..~..~.~... ##♣ .~~♣
##~~...~~§..~. ~## ~~.~
##~~~.......... ~.###♣~~~
###...~.~.~...... ..~♣###
###..~.~.....~....~


You could see a shambling mangrove, 2 fenstrider witches and an orc sorcerer.

Vanquished Creatures
  Jorgrun (Swamp:1)
  Mlioglotl (Swamp:2)
  A kraken (Swamp:1)
  3 thorn hunters
  The ghost of Qyom the Markshuman, an adept HuWn of Okawaru (Swamp:3)
  A fenstrider witch (Swamp:4)
  2 orc warlords (Orc:2)
  The ghost of tish the Fighter, a journeyman GrEE of Cheibriados (D:12)
  4 eleionomae
  6 bunyips
  A fire dragon (D:15)
  A rakshasa (D:15)
  2 shambling mangroves
  12 hydras
  Harold (Lair:2)
  A spriggan air mage (Swamp:3)
  9 alligators
  3 ogre magi
  5 boulder beetles
  4 centaur warriors
  A catoblepas (D:14)
  An ironbound frostheart (D:14)
  A merfolk avatar (Lair:5)
  6 two-headed ogres
  2 spriggan berserkers (Swamp:4)
  4 death yaks
  Sonja (D:11)
  2 tengu warriors (D:15)
  4 orc high priests (Orc:2)
  Amaemon (Lair:1)
  A soul eater (Swamp:4)
  2 sixfirhies (Swamp:4)
  2 skysharks
  9 goliath frogs
  A skeletal warrior (D:14)
  An arcanist (Swamp:4)
  A sea snake (Lair:5)
  Pikel (D:4)
  3 bog bodies
  A death drake (Swamp:4)
  7 swamp dragons
  2 spriggan druids
  2 lindwurms
  2 occultists
  4 orc knights (Orc:2)
  A harpy (Lair:5)
  2 deep elf pyromancers (D:15)
  An ugly thing (D:13)
  A necromancer (D:15)
  9 orc sorcerers
  6 cyclopes
  5 manticores
  3 will-o-the-wisps
  2 centaur zombies (D:15)
  A moth of wrath (Swamp:3)
  7 elephants (Lair:5)
  A gargoyle (D:12)
  3 black mambas
  An orange demon (D:10)
  Jeremiah (D:7)
  9 cane toads
  2 tengu conjurers (D:15)
  16 komodo dragons
  An efreet (D:15)
  An unseen horror (D:12)
  7 rime drakes
  A kobold demonologist (D:11)
  A freezing wraith (D:15)
  9 tyrant leeches
  4 polar bears
  6 trolls
  18 hornets
  A wolf spider simulacrum (D:15)
  13 blink frogs
  3 snapping turtles (Lair:5)
  A jumping spider (Lair:3)
  9 spriggans
  16 slime creatures
  11 wyverns
  A vampire (D:11)
  6 wraiths
  14 basilisks
  49 yaks
  2 steam dragons
  2 redbacks (Lair:3)
  4 chaos spawn (Swamp:4)
  14 swamp worms
  6 vampire mosquitoes
  7 wargs
  2 acid dragons
  8 water moccasins
  3 swamp drakes (Swamp:1)
  A hell hound (Lair:4)
  An ice beast (D:6)
  3 black bears
  A sky beast (D:7)
  42 orc warriors
  2 boggarts (D:14)
  6 wolves
  20 ogres
  15 centaurs
  A phantom (D:4)
  3 kobold brigands
  A scorpion (D:6)
  12 bullfrogs
  3 wights (D:10)
  9 killer bees
  3 electric eels (Lair:3)
  3 howler monkeys
  A jelly (D:7)
  4 hounds
  24 orc priests
  A gnoll bouda (D:4)
  25 orc wizards
  A boggart zombie (D:15)
  A sleepcap (D:5)
  7 iguanas
  Natasha (thrice) (D:4)
  7 hell rats
  A hound zombie (D:4)
  7 adders
  15 gnolls
  2 river rats (D:10)
  A white imp (D:7)
  An adder zombie (D:4)
  2 worms
  A dart slug (D:6)
  87 orcs
  7 ball pythons
  9 endoplasms
  5 giant cockroaches
  3 goblins
  2 hobgoblins (D:2)
  5 quokkas
  2 bats (D:1)
  A frilled lizard (D:1)
  16 kobolds
  3 rats
  A butterfly (Lair:4)
  3 tentacles (Swamp:1)
787 creatures vanquished.

Vanquished Creatures (collateral kills)
  A hydra (Lair:4)
  A butterfly (Lair:4)
2 creatures vanquished.

Vanquished Creatures (others)
  2 fenstrider witches (Swamp:4)
  2 death yaks (Lair:5)
  An occultist (Swamp:4)
  A rime drake (Lair:4)
  2 bloated husks
  An orc (Orc:2)
  7 foxfires (Swamp:1)
  4 starspawn tentacles (Swamp:2)
  4 tentacles (Swamp:1)
24 creatures vanquished.

Grand Total: 813 creatures vanquished

Notes
Turn   | Place    | Note
-------+----------+-------------------------------------------
     0 | D:1      | Gladio the Demigod Gladiator began the quest for the Orb.
     0 | D:1      | Reached XP level 1. HP: 17/17 MP: 3/3
   305 | D:1      | Reached skill level 2 in Fighting
   305 | D:1      | Reached XP level 2. HP: 24/24 MP: 4/4
   940 | D:2      | Reached XP level 3. HP: 29/29 MP: 5/5
  1143 | D:2      | Reached skill level 1 in Armour
  1706 | D:3      | Reached XP level 4. HP: 35/37 MP: 6/6
  2301 | D:4      | Noticed an ogre
  2336 | D:3      | Killed an ogre
  2337 | D:3      | Reached XP level 5. HP: 31/44 MP: 7/7
  2552 | D:4      | Found a runed translucent gate.
  2552 | D:4      | Found a runed translucent gate.
  2552 | D:4      | Found a runed translucent gate.
  2552 | D:4      | Noticed dertzug's ghost (amateur MiFi)
  2554 | D:4      | Noticed Natasha
  2563 | D:4      | Reached skill level 3 in Fighting
  2572 | D:4      | Killed Natasha
  2589 | D:4      | Reached XP level 6. HP: 51/51 MP: 8/8
  2733 | D:4      | Noticed Natasha
  2740 | D:4      | Killed Natasha
  2823 | D:4      | Noticed Pikel
  2861 | D:4      | Killed Pikel
  2862 | D:4      | Reached skill level 4 in Fighting
  2862 | D:4      | Reached XP level 7. HP: 29/59 MP: 9/9
  3029 | D:4      | Noticed Natasha
  3036 | D:4      | Killed Natasha
  3353 | D:5      | Entered Level 5 of the Dungeon
  3382 | D:5      | Reached skill level 5 in Dodging
  3560 | D:5      | Found a staircase to the Ecumenical Temple.
  3599 | D:5      | Reached XP level 8. HP: 67/67 MP: 10/10
  3728 | D:5      | Reached skill level 5 in Fighting
  4134 | D:5      | Noticed an angel
  4943 | D:7      | Reached XP level 9. HP: 74/75 MP: 11/11
  5037 | D:7      | Noticed Jeremiah
  5059 | D:7      | Killed Jeremiah
  5060 | D:7      | Reached skill level 6 in Fighting
  5120 | D:7      | Noticed glosham's ghost (novice DESh)
  5215 | D:7      | Found a runed translucent gate.
  5217 | D:7      | Found Ymugegi's Distillery.
  5225 | D:7      | Bought a potion of curing for 45 gold pieces
  5225 | D:7      | Bought a potion of curing for 45 gold pieces
  5225 | D:7      | Bought a potion of heal wounds for 75 gold pieces
  5225 | D:7      | Bought a potion of might for 60 gold pieces
  5225 | D:7      | Bought a potion of haste for 150 gold pieces
  5339 | D:7      | Found a runed translucent gate.
  5340 | D:7      | Found a runed translucent gate.
  5857 | D:8      | You fall into a shaft and drop 3 floors!
  5877 | D:11     | Noticed a cyclops
  5904 | D:11     | Killed a cyclops
  6011 | D:11     | Noticed a manticore
  6148 | D:10     | Entered Level 10 of the Dungeon
  6305 | D:9      | Reached skill level 10 in Long Blades
  6310 | D:9      | Reached skill level 7 in Fighting
  6329 | D:9      | Reached XP level 10. HP: 81/86 MP: 13/13
  7003 | D:9      | Found Qyes's General Store.
  7007 | D:9      | Bought a potion of heal wounds for 65 gold pieces
  7007 | D:9      | Bought a scroll of identify for 26 gold pieces
  7007 | D:9      | Bought a scroll of teleportation for 39 gold pieces
  7542 | D:10     | Found a staircase to the Lair.
  7542 | D:10     | Noticed a death yak
  7542 | D:10     | Noticed a death yak
  7554 | D:10     | Noticed a death yak
  7558 | D:10     | Killed a death yak
  7568 | D:10     | Killed a death yak
  7588 | D:10     | Killed a death yak
  7843 | D:10     | Found a staircase to the Orcish Mines.
  7995 | D:10     | Reached skill level 8 in Fighting
  8128 | D:10     | Noticed a cyclops
  8252 | D:10     | Killed a cyclops
  8325 | D:10     | Identified the +2 helmet of Jigsaw {*Corrode Int+8}
  8606 | D:11     | Killed a manticore
  8643 | D:11     | Noticed Sonja
  8690 | Lair:1   | Entered Level 1 of the Lair of Beasts
  8692 | Lair:1   | Noticed Amaemon
  8843 | Lair:1   | Killed Amaemon
  8844 | Lair:1   | Reached XP level 11. HP: 70/95 MP: 14/14
  9052 | Lair:1   | Noticed a five-headed hydra
  9342 | Lair:1   | Reached skill level 9 in Fighting
  9518 | Lair:1   | Killed a 19-headed hydra
  9964 | D:11     | Killed Sonja
 11110 | D:12     | Noticed a boulder beetle
 11161 | D:12     | Reached XP level 12. HP: 105/105 MP: 15/15
 11177 | D:12     | Killed a boulder beetle
 11272 | D:12     | Reached skill level 10 in Dodging
 11316 | D:12     | Identified the amulet "Yfuevumm" {Reflect -Tele rElec Will+
                  | rCorr SH+5}
 11348 | D:12     | Identified the +5 ring mail "Pumiozink" {Harm rN+ Regen+
                  | Str-4}
 11504 | D:12     | Found a runed translucent door.
 11509 | D:12     | Reached skill level 10 in Fighting
 11514 | D:12     | Noticed tish's ghost (journeyman GrEE)
 11516 | D:12     | Identified the +1 trident "Ketwet" {freeze, rPois rC+ Will-
                  | SInv}
 11975 | D:12     | Identified the +2 helmet "Pagillod" {rF+ Str+2}
 12196 | Lair:2   | Noticed Harold
 12719 | Lair:2   | Killed Harold
 13559 | Lair:3   | Found a hole to the Spider Nest.
 13741 | Lair:3   | You fall into a shaft and drop 1 floor!
 13802 | Lair:4   | Noticed a six-headed hydra
 13835 | Lair:4   | Noticed a six-headed hydra
 13854 | Lair:4   | Reached skill level 11 in Fighting
 14000 | Lair:4   | Reached XP level 13. HP: 88/116 MP: 16/16
 14786 | Lair:3   | Found a staircase to the Swamp.
 15320 | Lair:4   | Reached skill level 5 in Armour
 15358 | Lair:4   | Reached skill level 12 in Fighting
 15362 | Lair:4   | Reached skill level 5 in Throwing
 15515 | Lair:5   | Entered Level 5 of the Lair of Beasts
 15618 | Lair:5   | Noticed Nessos
 16179 | Lair:5   | Reached XP level 14. HP: 75/127 MP: 17/17
 16237 | Lair:5   | Reached skill level 13 in Fighting
 16389 | Lair:5   | Found a staircase to the Slime Pits.
 16439 | Lair:5   | Nessos changed into Nessos the snapping turtle
 16439 | Lair:5   | Noticed Nessos
 16451 | Lair:5   | Killed Nessos the snapping turtle
 16775 | D:12     | Killed tish's ghost
 17465 | D:14     | Found a transporter.
 17508 | D:14     | Identified the +2 leather armour of Untruth {-Cast Harm
                  | rCorr SInv}
 17558 | D:14     | Found a transporter.
 17562 | D:14     | Found a transporter.
 17664 | D:14     | Found a transporter.
 17855 | D:14     | Found a gate to the Vaults.
 17963 | D:15     | Entered Level 15 of the Dungeon
 18425 | D:15     | Reached skill level 1 in Shields
 18442 | D:15     | Reached skill level 14 in Fighting
 18739 | D:15     | Paralysed by an orc sorcerer for 2 turns
 18777 | D:15     | Found a staircase to the Depths.
 18978 | Orc:1    | Entered Level 1 of the Orcish Mines
 19199 | Orc:2    | Entered Level 2 of the Orcish Mines
 19329 | Orc:2    | Noticed an orc warlord
 19336 | Orc:2    | Killed an orc warlord
 19708 | Orc:2    | Reached XP level 15. HP: 121/139 MP: 18/18
 19751 | Orc:2    | Found Yjug's General Store.
 19770 | Orc:2    | Bought a scroll of blinking for 75 gold pieces
 19776 | Orc:2    | Found Utasapin's Weapon Shoppe.
 20151 | Orc:2    | Found a staircase to the Elven Halls.
 20322 | Orc:2    | Found Iraar's Weapon Shoppe.
 20472 | Orc:2    | Found Qitism's Antique Armour Shop.
 20955 | IceCv    | Identified the "Vupyum"
 20955 | Swamp:1  | Entered Level 1 of the Swamp
 20955 | Swamp:1  | Noticed Jorgrun
 20983 | Swamp:1  | Killed Jorgrun
 21242 | Swamp:1  | Reached skill level 15 in Fighting
 21457 | Swamp:1  | Noticed a kraken
 21483 | Swamp:1  | Killed a kraken
 21723 | Swamp:2  | Noticed Mlioglotl
 21727 | Swamp:2  | Noticed an Executioner
 21728 | Swamp:2  | Noticed a lich
 21730 | Swamp:2  | Noticed a tentacled starspawn
 21733 | Swamp:2  | Noticed a tentacled starspawn
 21751 | Swamp:2  | Noticed a profane servitor
 22016 | Swamp:2  | Killed Mlioglotl
 22232 | Swamp:3  | Noticed Qyom's ghost (adept HuWn)
 22232 | Swamp:3  | Found a transporter.
 22363 | Swamp:3  | Identified a scroll of acquirement
 22364 | Swamp:3  | Acquired the scarf of Ofic {shadows, Regen+ rCorr Str-4
                  | Int+2}
 22554 | Swamp:3  | Noticed a thorn hunter
 22561 | Swamp:3  | Killed a thorn hunter
 22745 | Swamp:3  | Found a transporter.
 23153 | Swamp:3  | Killed Qyom's ghost
 23281 | Swamp:3  | Reached skill level 5 in Shields
 23303 | Swamp:3  | Identified the ring "Ingameg" {rElec Will++ AC+4 Str-4
                  | Int+3}
 23359 | Swamp:4  | Entered Level 4 of the Swamp
 23449 | Swamp:4  | Noticed a thorn hunter
 23455 | Swamp:4  | Killed a thorn hunter
 23588 | Swamp:4  | Reached XP level 16. HP: 150/150 MP: 19/19
 23896 | Swamp:4  | Paralysed by an orc sorcerer for 5 turns
 23981 | Swamp:4  | Reached skill level 16 in Fighting
 24255 | Swamp:4  | Paralysed by a fenstrider witch for 2 turns
 24554 | Swamp:4  | HP: 7/151 [fenstrider witch/toxic sludge (9)]
 24555 | Swamp:4  | Succumbed to a fenstrider witch's poison

Illustrated notes

Levels and vault maps discovered:
D:1:      heliophobic_arrival_battle_scene, layout_basic
D:2:      layout_basic
D:3:      layout_loops_ring, general_overflow_altar, serial_forest,
          infiniplex_forest_clump_curved, infiniplex_forest_lined_2,
          infiniplex_forest_lined_room_3, infiniplex_forest_clump_double,
          infiniplex_forest_straight_2
D:4:      layout_cave_pods, nicolae_vehumet_altar_sigil,
          nicolae_yredelemnul_ghost_church, uniq_natasha, uniq_pikel
D:5:      layout_loops_ring, grunt_temple_overflow_order_and_chaos_1,
          amcnicky_altar_gilded, minmay_temple_entry_mist
D:6:      layout_basic, trog_ov_bears_minmay, kennysheep_slug_shrine,
          mainiacjoe_overflow_chevrons, chequers_temple_overflow_minitemple,
          kennysheep_generic_room_6
D:7:      layout_cave_pools, serial_shops, shop, gammafunk_ghost_split,
          serial_bayou_pond_d, uniq_jeremiah
D:8:      layout_basic
D:9:      layout_cave_pods, serial_shops, nicolae_shop_stone
D:10:     layout_loops_ring, marbit_many_paths, dpeg_lair_monsters
D:11:     layout_layer_cave, zin_academy, uniq_sonja
D:12:     layout_gridville, ebering_ghost_funeral_grove
D:13:     layout_gridville, kiku_gazebo_pond_becter
D:14:     layout_roguey, hellmonk_vaults_keyhole, minmay_misc_feat_columns,
          minmay_misc_feat_four_crosses, nicolae_diode_intersection
D:15:     grunt_enter_depths_magical_seal, layout_irregular_city,
          minmay_door_square
Lair:1:   layout_long_grid, beast_lair_carwin_6, uniq_amaemon
Lair:2:   layout_regular_city, chequers_serial_rivers_small_3,
          nicolae_lair_lindhole, uniq_harold
Lair:3:   layout_long_grid, nicolae_swamp_entry_splash_gauntlet,
          spider_nest_entry_a, columned_hall_lemuel, serial_bayou_crossing
Lair:4:   layout_roguey [special_room_mythical_zoo], lemuel_fruit_fields,
          serial_bayou_shore_a, grunt_megastairs_5, serial_bayou_shore_b,
          serial_bayou_shore_b, infiniplex_staircase_pool, lemuel_fruit_fields
Lair:5:   gammafunk_lair_ancient_temple, layout_long_grid, slime_entry_1,
          uniq_nessos
Swamp:1:  layout_falls_marsh, nicolae_swamp_dense_foliage, swamp_pool5,
          nicolae_swamp_thats_no_hydra, uniq_jorgrun
Swamp:2:  layout_falls_marsh, evilmike_swamp_ruin_house_4, uniq_mlioglotl
Swamp:3:  layout_basic_swamp, gammafunk_ghost_berserking_beasts,
          evilmike_swamp_ruin_rubble_1
Swamp:4:  nzn_swamp_witches_coven, layout_basic_swamp,
          nicolae_swamp_very_dense_foliage
Orc:1:    layout_caves
Orc:2:    pubby_orc_utopia

Skill      XL: |  1  2  3  4  5  6  7  8  9 10 11 12 13 14 15 16 |
---------------+-------------------------------------------------+-----
Fighting       | 2 3 4 5 7 8 9 11 12 14 15 16 | 16.2
Long Blades    | 3 4 6 8 10 11 13 14 | 14.0
Dodging        | 3 4 5 6 7 8 9 10 11 12 13 | 13.6
Armour         | 1 2 4 6 7 9 |  9.7
Throwing       | 3 6 7 9 |  9.6
Shields        | 2 5 6 |  6.0

Action                     |  1- 3 |  4- 6 |  7- 9 | 10-12 | 13-15 | 16-18 || total
---------------------------+-------+-------+-------+-------+-------+-------++-------
  Melee: Long sword        |   122 |   112 |   422 |   813 |   646 |       ||  2115
         Punch             |     2 |     1 |     8 |    16 |     7 |       ||    34
         Scimitar          |       |       |       |       |   809 |   180 ||   989
         Great sword       |       |       |       |       |    13 |       ||    13
  Throw: Throwing net      |       |     4 |       |     3 |       |       ||     7
         Javelin           |       |       |       |    24 |    68 |     4 ||    96
         Dart              |       |       |       |     5 |       |       ||     5
         Boomerang         |       |       |       |       |    11 |       ||    11
  Evoke: Wand              |       |       |       |    12 |     9 |       ||    21
         Box of beasts     |       |       |       |       |     2 |       ||     2
    Use: Scroll            |       |       |    11 |    16 |    18 |     3 ||    48
         Potion            |       |       |     2 |     7 |    12 |     7 ||    28
   Stab: Sleeping          |       |     1 |       |     1 |    14 |       ||    16
         Invisible         |       |       |       |     6 |       |       ||     6
         Distracted        |       |       |       |     1 |     2 |     1 ||     4
         Held in net/web   |       |       |       |     6 |       |       ||     6
         Petrified         |       |       |       |       |    13 |       ||    13
         Petrifying        |       |       |       |       |     1 |       ||     1
 Armour: Leather armour    |    12 |       |       |       |       |       ||    12
         Ring mail         |    49 |    49 |   184 |   263 |   666 |   105 ||  1316
         Acid dragon scale |       |       |       |   138 |       |       ||   138
         Skin              |       |       |       |     2 |       |       ||     2
  Dodge: Dodged            |    93 |   104 |   463 |   897 |  1602 |   164 ||  3323
  Block: Other             |       |       |       |    55 |       |       ||    55
         Reflection        |       |       |       |     1 |       |       ||     1
         Buckler           |       |       |       |       |   443 |   115 ||   558

Table legend: (Time is in decaauts)
 A = Elapsed time spent in this place.
 B = Non-inter-level travel time spent in this place.
 C = Inter-level travel time spent in this place.
 D = Time resting spent in this place.
 E = Time spent auto-exploring this place.
 F = Levels seen in this place.
 G = Mean time per level.
                   A        B        C        D        E       F      G
               +--------+--------+--------+--------+--------+-----+--------+
         Total |  24319 |  21992 |   2327 |    301 |  16152 |  26 |  935.3 |
       Dungeon |  13254 |  12134 |   1120 |    265 |   9172 |  15 |  883.6 |
          Lair |   5546 |   4810 |    736 |     31 |   3424 |   5 | 1109.2 |
         Swamp |   3748 |   3414 |    334 |      5 |   2426 |   4 |  937.0 |
  Orcish Mines |   1770 |   1633 |    137 |      0 |   1128 |   2 |  885.0 |
               +--------+--------+--------+--------+--------+-----+--------+

Top non-repeatable levels by time:
    D:11: 1785 daAuts
   Orc:2: 1543 daAuts
    D:10: 1405 daAuts
 Swamp:4: 1201 daAuts
  Lair:1: 1175 daAuts
  Lair:4: 1174 daAuts
  Lair:2: 1139 daAuts
 Swamp:3: 1126 daAuts
     D:4: 1069 daAuts
  Lair:5: 1068 daAuts
    D:12: 1049 daAuts
  Lair:3: 988 daAuts
     D:5: 913 daAuts
    D:15: 878 daAuts
     D:9: 842 daAuts
